AoeStats
← jantotu

Arabia

509319923Analyzed
1v1 RM · 7d ago on Sep 26, 2026· 51m 26s· 2 players
Game mode
Random Map
Map size
Tiny (2 player)
Population
200
Speed
Normal
Resources
Standard
Victory
Conquest
Starting age
Dark Age
Ending age
Imperial Age
RankedLock teamsTeams togetherTeam positionsShared explorationLock speedFull tech treeHidden civsTurbo modeCheats
Victory
Defeat
🇨🇳 Jurchens · China
1280
+14
🇨🇭 Byzantines · Switzerland
1229
-14
jantotu
5:22 Loom
10:36 Feudal Age
11:19 Double-Bit Axe
12:24 Man-at-Arms
14:58 Horse Collar
15:44 Scale Mail Armor
21:25 Castle Age
20:14 Scale Barding Armor
22:59 Bow Saw
24:45 Wheelbarrow
27:38 Elite Skirmisher
32:38 Fletching
32:48 Padded Archer Armor
33:25 Ballistics
35:37 Imperial Age
33:33 Bodkin Arrow
34:09 Hand Cart
36:09 Leather Archer Armor
37:30 Chemistry
37:33 Bracer
38:39 Forging
39:12 Heavy Camel Rider
40:37 Iron Casting
41:33 Elite Varangian Guard
43:14 Chain Mail Armor
44:55 Plate Mail Armor
46:26 Squires
49:39 Pikeman
Makabaka
5:46 Loom
9:01 Feudal Age
10:08 Double-Bit Axe
12:21 Horse Collar
19:49 Castle Age
18:22 Gold Mining
19:26 Fletching
19:48 Bloodlines
20:42 Bodkin Arrow
21:12 Bow Saw
22:26 Husbandry
22:38 Padded Archer Armor
27:04 Wheelbarrow
27:37 Ballistics
27:34 Leather Archer Armor
30:14 Heavy Plow
31:31 Stone Mining
36:01 Imperial Age
35:15 Fortified Bastions
35:40 Scale Barding Armor
35:45 Forging
36:47 Chain Barding Armor
35:52 Light Cavalry
36:49 Bracer
37:22 Ring Archer Armor
37:56 Chemistry
38:01 Chain Barding Armor
38:16 Iron Casting
37:43 Hussar
39:38 Two-Man Saw
39:31 Plate Barding Armor
42:18 Crop Rotation
44:05 Blast Furnace
43:36 Ring Archer Armor
42:35 Heavy Cavalry Archer
44:28 Conscription
48:00 Siege Engineers
51:24 Hoardings
51:11 Hand Cart
Connection lost

Rejoining the realm…

Still unreachable

The connection could not be restored.

Session expired

The server has moved on; the page needs a fresh start.